 Dungeon Crawl Stone Soup version 0.18-a0-1683-gf9322e6 (webtiles) character file.

345 namelastname112 the Slasher (level 6, -2/79 HPs)
             Began as a Draconian Berserker on Apr 3, 2016.
             Was a Priest of Trog.
             Slain by a worker ant (7 damage)
             ... on level 4 of the Dungeon.
             The game lasted 00:08:04 (2980 turns).

namelastname112 the Slasher (Draconian Berserker)   Turns: 2980, Time: 00:08:04

Health: -2/79      AC:  6    Str: 25    XL:     6   Next: 32%
Magic:  6/6        EV: 13    Int:  7    God:    Trog [***...]
Gold:   115        SH:  0    Dex: 12    Spells: 0 memorised, 5 levels left

rFire  . . .     SeeInvis .     a - +0 falchion
rCold  . . .     Gourm    .     (armour unavailable)
rNeg   . . .     Faith    .     (no shield)
rPois  .         Spirit   .     (helmet restricted)
rElec  .         Dismiss  .     (no cloak)
rCorr  .         Reflect  .     (no gloves)
SustAt .         Harm     .     (no boots)
MR     +++..                    (no amulet)
Stlth  ..........               (no ring)
                                d - ring of protection from magic

@: berserking, lethally poisoned (-2 -> -2), regenerating, very quick, extremely
resistant to hostile enchantments, extremely unstealthy
A: unfitting armour, cold-blooded, AC +6
a: Berserk, Trog's Hand, Burn Spellbooks, Renounce Religion


You were on level 4 of the Dungeon.
You worshipped Trog.
Trog was most pleased with you.
You were hungry.

You visited 1 branch of the dungeon, and saw 4 of its levels.

You collected 115 gold pieces.

Inventory:

Hand Weapons
 a - a +0 falchion (weapon)
Jewellery
 d - a ring of protection from magic (left hand)
 u - an uncursed amulet of dismissal {unknown}
Wands
 s - a wand of lightning (8/15)
Scrolls
 c - 8 scrolls of identify {unknown}
 e - a scroll of blinking {unknown}
 f - a scroll of amnesia {unknown}
 h - 2 scrolls of teleportation {unknown}
 j - a scroll of enchant armour {unknown}
 k - 2 scrolls of remove curse {unknown}
 m - a scroll of fog {unknown}
 n - a scroll of random uselessness {unknown}
 q - a scroll of fear {unknown}
Potions
 g - a potion of degeneration {unknown}
 i - a potion of curing {unknown}
 p - a potion of cancellation {unknown}
 r - a potion of invisibility {unknown}
 t - a potion of lignification {unknown}
 v - a potion of flight {unknown}
 x - a potion of brilliance {unknown}
Comestibles
 b - 3 bread rations
 l - a fruit
 o - 4 meat rations
 w - a slice of pizza
 z - 2 chunks of flesh


   Skills:
 + Level 4.6 Fighting
 * Level 5.5 Long Blades
 + Level 4.1 Dodging


You had 5 spell levels left.
You didn't know any spells.

Dungeon Overview and Level Annotations

Branches:
Dungeon (4/15)
 Temple: D:4-7

Altars:
Elyvilon


Innate Abilities, Weirdness & Mutations

Your plain brown scales are hard (AC +6).
Your body does not fit into most forms of armour.
You are cold-blooded and may be slowed by cold attacks.


Message History

Items here: )))) [ a flail; a club; a leather armour; a mace; a club You feel sick.
You feel sick.
You feel sick.
You feel sick.
You feel sick. The worker ant bites you.
* * * LOW HITPOINT WARNING * * *
You feel sick.
You feel sick.
You feel sick.
You feel the effects of Trog's Hand fading.
You feel sick.
A red film seems to cover your vision as you go berserk!
You feel yourself moving faster!
You feel mighty!
You are feeling hungry.
The worker ant bites you.
* * * LOW HITPOINT WARNING * * *
The worker ant bites you!
You die...

#.#.# #.#.# #.#.############)#.#
#.#<##...........#.#
#.####÷###########.#
#...............##.#
#########.########.##.# #...#
#..........##.#
#...#################.#
+.......#.......@aa.#.# ########
#...###.#.#########.#.####.......
+...'........................>#
#...###.#.######....#.......#.#
....# #.#.######.#########).#
....###[.......#.# #..#
..###..........#.#########..# #.#
#..........#.#.....a....#
#)###.....######.#......#...# #


You could see 2 worker ants.

Vanquished Creatures
  A scorpion (D:4)
  A howler monkey (D:2)
  A hound (D:4)
  Natasha (thrice) (D:3)
  A worker ant (D:4)
  Robin (D:2)
  An adder (D:2)
  2 oozes
  2 adder skeletons (D:4)
  2 worms
  A dart slug (D:3)
  4 giant geckos
  10 orcs
  4 giant cockroaches
  11 goblins
  9 hobgoblins
  4 jackals (D:2)
  A quokka (D:2)
  3 bats
  A giant gecko skeleton (D:4)
  5 giant newts
  6 kobolds
  5 rats
79 creatures vanquished.

Notes
Turn   | Place    | Note
--------------------------------------------------------------
     0 | D:1      | namelastname112 the Draconian Berserker began the quest for the Orb.
     0 | D:1      | Reached XP level 1. HP: 19/19 MP: 1/1
     0 | D:1      | xeno23: надо было выманить
     0 | D:1      | xeno23: книжкой поджечь
     0 | D:1      | namelastname112: да я лишний раз нажал
   355 | D:1      | Reached XP level 2. HP: 23/26 MP: 2/2
   880 | D:2      | Reached XP level 3. HP: 31/31 MP: 3/3
   881 | D:2      | Noticed Robin
   890 | D:2      | Reached ** piety under Trog
   907 | D:2      | Reached skill level 4 in Long Blades
   907 | D:2      | Reached XP level 4. HP: 28/40 MP: 4/4
   917 | D:2      | Killed Robin
  1446 | D:2      | xeno23: думаю ад до панов зачистить
  1448 | D:2      | Found a white marble altar of Elyvilon.
  1509 | D:2      | xeno23: взлетит?
  1537 | D:3      | namelastname112: смотря кем
  1580 | D:3      | Noticed Natasha
  1584 | D:3      | Killed Natasha
  1584 | D:3      | Reached XP level 5. HP: 38/46 MP: 5/5
  1688 | D:3      | xeno23: глянь мои муты
  1782 | D:3      | Reached *** piety under Trog
  1785 | D:3      | Noticed Natasha
  1790 | D:3      | Killed Natasha
  1916 | D:3      | Noticed Natasha
  1928 | D:3      | Killed Natasha
  1928 | D:3      | Reached skill level 5 in Long Blades
  2362 | D:4      | crauler: nssss
  2366 | D:4      | crauler: тыыыыы
  2372 | D:4      | crauler: ты хуй
  2381 | D:4      | namelastname112: лол
  2381 | D:4      | namelastname112: да
  2381 | D:4      | namelastname112: это так
  2539 | D:4      | crauler: такая нага была
  2539 | D:4      | Reached XP level 6. HP: 28/53 MP: 6/6
  2687 | D:4      | crauler: задрейнил в хуй, тебя убил а потом уже не справился
  2687 | D:4      | namelastname112: у какого призрака соснул?
  2687 | D:4      | crauler: у негра
  2687 | D:4      | crauler: алхимик в магазе
  2687 | D:4      | crauler: +5 скейл регена
  2687 | D:4      | crauler: все слоты, даже бард
  2687 | D:4      | namelastname112: в айс кейве поди?
  2687 | D:4      | crauler: не
  2687 | D:4      | crauler: акварнул
  2687 | D:4      | namelastname112: а где?
  2687 | D:4      | crauler: мануал армора!
  2822 | D:4      | crauler: ааааа
  2974 | D:4      | HP: 2/53 [worker ant (4)]
  2980 | D:4      | Slain by a worker ant

Vault maps used:
D:1:      wheals_arrival_shading, minivault_4
D:2:      marbit_many_paths, uniq_robin
D:3:      uniq_natasha
D:4:      lemuel_coloured_pillars_altar, first_bread

Skill      XL: |  1  2  3  4  5  6 |
---------------+-------------------+-----
Dodging        | 3 4 |  4.1
Long Blades    | 4 5 |  5.5
Fighting       | 4 |  4.6

Action                   |  1- 3 |  4- 6 || total
-------------------------+-------+-------++-------
Melee: Falchion          |    74 |   200 ||   274
Invok: Berserk           |     1 |     2 ||     3
       Trog's Hand       |       |     2 ||     2
 Stab: Sleeping          |       |     2 ||     2
  Eat: Chunk             |       |     9 ||     9
